 Dungeon Crawl Stone Soup version 0.28-a0-689-ga55568f2eb (webtiles) character file.

Game seed: 14457795602788092282

170 EiAlmux the Ducker (level 5, -11/38 HPs)
             Began as a Djinni Fire Elementalist on Oct 20, 2021.
             Mangled by an ice beast (16 damage)
             ... on level 5 of the Dungeon.
             The game lasted 00:06:36 (3469 turns).

EiAlmux the Ducker (Djinni Fire Elementalist)       Turns: 3469, Time: 00:06:36

Health: -11/38     AC:  3    Str:  7    XL:     5   Next: 80%
Gold:   21         EV: 13    Int: 17    God:
                   SH:  0    Dex: 14

rFire   + + .      SeeInvis .   (no weapon)
rCold   x . .      Faith    .   (no shield)
rNeg    . . .      Spirit   .   a - +0 robe
rPois   ∞          Reflect  .   (no helmet)
rElec   .          Harm     .   i - +0 cloak
rCorr   .          Rampage  .   (no gloves)
Will    .....                   (boots unavailable)
Stlth   ++........              (no amulet)
HPRegen 0.12/turn               (no ring)
MPRegen 0.00/turn               (no ring)

@: flying, very slightly contaminated
A: sickness immunity, fire resistance 2, cold vulnerability 1, float, innate
caster, hp casting, extra vitality 1
a: no special abilities


You were on level 5 of the Dungeon.
You visited 1 branch of the dungeon, and saw 5 of its levels.

You collected 51 gold pieces.
You spent 30 gold pieces at shops.

Inventory:

Armour
 a - a +0 robe (worn)
 i - a +0 cloak (worn)
Scrolls
 b - 5 scrolls of teleportation
 c - a scroll of fog {unknown}
 d - a scroll of blinking {unknown}
 f - a scroll of amnesia
 g - a scroll of immolation {unknown}
Potions
 e - 2 potions of cancellation {unknown}
 h - a potion of lignification


   Skills:
 - Level 2.0 Fighting
 + Level 3.5 Dodging
 + Level 2.7 Stealth
 + Level 0.5 Shields
 * Level 3.2 Spellcasting


You couldn't memorise any spells.
You knew the following spells:

 Your Spells              Type           Power      Damage    Failure   Level
a - Foxfire               Conj/Fire      52%        2x1d6     4%          1
b - Scorch                Fire           26%        2d6       7%          2
c - Conjure Flame         Conj/Fire      13%        6-21      14%         3
d - Inner Flame           Hex/Fire       13%        N/A       14%         3
e - Flame Wave            Conj/Fire      13%        3d5       41%         4
f - Beastly Appendage     Tmut           26%        N/A       4%          1
g - Passwall              Tmut/Erth      10%        N/A       7%          2
Your spell library was empty.

Dungeon Overview and Level Annotations

Branches:
Dungeon (5/15)
 Temple: D:4-7

Altars:

Shops:
D:3 *


Innate Abilities, Weirdness & Mutations

You are immune to sickness and miasma.
You are immune to poison.
Your flesh is very heat resistant. (rF++)
You are vulnerable to cold. (rC-)
You float through the air rather than walking.
You learn spells naturally, not from books.
Your magical power is your life essence.
You have superior vitality. (+4 HP)


Message History

Confirm with . or Enter, or press ? or * to list all spells.
Flames lash the hound zombie.
The hound zombie is moderately damaged.
The hound zombie's fire resistance burns away.
Casting: Scorch (safe; 7% risk of failure)
Confirm with . or Enter, or press ? or * to list all spells.
Flames lash the hound zombie.
The hound zombie is burned terribly!
The hound zombie is almost destroyed.
* * * LOW HITPOINT WARNING * * *
The hound zombie bites you but does no damage.
Casting: Scorch (safe; 7% risk of failure)
Confirm with . or Enter, or press ? or * to list all spells.
Flames lash the hound zombie.
The hound zombie is burned terribly!
You destroy the hound zombie!
* * * LOW HITPOINT WARNING * * *
You start resting.
An ice beast comes into view.
Casting: Scorch (safe; 7% risk of failure)
Confirm with . or Enter, or press ? or * to list all spells.
Flames lash the ice beast.
The ice beast melts!
The ice beast is moderately wounded.
The ice beast's fire resistance burns away.
Casting: Scorch (safe; 7% risk of failure)
Confirm with . or Enter, or press ? or * to list all spells.
Flames lash the ice beast but do no damage.
Casting: Scorch (safe; 7% risk of failure)
Confirm with . or Enter, or press ? or * to list all spells.
You miscast Scorch.
You are very lightly contaminated with residual magic.
Nothing appears to happen.
The ice beast hits you. The ice beast freezes you!
You feel a terrible chill!
* * * LOW HITPOINT WARNING * * *
Casting: Scorch (safe; 7% risk of failure)
Confirm with . or Enter, or press ? or * to list all spells.
Flames lash the ice beast but do no damage.
* * * LOW HITPOINT WARNING * * *
The ice beast hits you.
* * * LOW HITPOINT WARNING * * *
The ice beast freezes you!
You feel a terrible chill!
You die...

#### .>..
.########..#
......)@Y.#
..........#
#.........#
..........#
#.....>..##
........##
#...###..
...# ###


You could see an ice beast (combustible).

Vanquished Creatures
  An orc priest (D:3)
  2 orc wizards
  A hound zombie (D:5)
  A gnoll (D:1)
  An adder (D:3)
  5 orcs
  4 bats
  3 endoplasms
  2 giant cockroaches
  5 goblins
  5 hobgoblins
  4 quokkas
  6 ball pythons
  5 frilled lizards (D:1)
  A kobold (D:1)
  10 rats
56 creatures vanquished.

Vanquished Creatures (others)
  45 foxfires (D:1)
45 creatures vanquished.

Grand Total: 101 creatures vanquished

Notes
Turn   | Place    | Note
-------+----------+-------------------------------------------
     0 | D:1      | EiAlmux the Djinni Fire Elementalist began the quest for
                  | the Orb.
     0 | D:1      | Reached XP level 1. HP: 15/15 MP: 0/0
   350 | D:1      | Reached XP level 2. HP: 9/22 MP: 0/0
   560 | D:1      | Found a faded altar of an unknown god.
   707 | D:1      | Reached skill level 1 in Fighting
   830 | D:1      | Reached XP level 3. HP: 21/27 MP: 0/0
   830 | D:1      | Learned a level 1 spell: Beastly Appendage
  2152 | D:2      | You are sucked into a shaft and drop 1 floor!
  2158 | D:3      | Reached XP level 4. HP: 29/33 MP: 0/0
  2756 | D:3      | Reached XP level 5. HP: 34/38 MP: 0/0
  2756 | D:3      | Learned a level 2 spell: Passwall
  2830 | D:3      | Found Walid's General Store.
  3051 | D:3      | Bought a scroll of teleportation for 30 gold pieces
  3290 | D:4      | Noticed a black bear
  3308 | D:5      | Entered Level 5 of the Dungeon
  3465 | D:5      | Noticed an ice beast
  3469 | D:5      | Mangled by an ice beast

Illustrated notes

Levels and vault maps discovered:
D:1:      dpeg_arrival_rooms_with_view, layout_loops_corners,
          dreamdust_ecumenical_altar_grove
D:2:      layout_loops_corners
D:3:      wander_river, layout_loops_cross, serial_shops, shop
D:4:      layout_basic, okawaru_trees_1, mainiacjoe_overflow_surrounded_room,
          mainiacjoe_overflow_tiny_flanked, gup_sewer_entry_glass
D:5:      layout_rooms, amcnicky_altar_gilded, zin_statuary,
          serial_co_window_serial, co_window_paths_b, co_window_paths_b,
          co_window_of_opportunity_a, co_window_corner_a, co_window_paths_a,
          co_window_paths_a, co_window_corner_a, co_window_corner_cb,
          co_window_unsneaky_path_b, co_window_corner_cb, co_window_2corner,
          co_window_broadway_b, co_window_2corner, co_window_of_opportunity_b,
          glass_columns_a, glass_columns_c, glass_columns_a, glass_columns_b,
          minmay_strange_pillars, uniq_ijyb

Skill      XL: |  1  2  3  4 |
---------------+-------------+-----
Fighting       | 1 2 |  2.0
Stealth        | 2 |  2.7
Dodging        | 3 |  3.5
Spellcasting   | 3 |  3.2
Shields        | |  0.5

Action                   |  1- 3 |  4- 6 || total
-------------------------+-------+-------++-------
Melee: Unarmed           |     5 |       ||     5
 Cast: Foxfire           |    27 |       ||    27
       Scorch            |    22 |    34 ||    56
  Use: Scroll            |       |     2 ||     2
Armor: Robe              |     1 |     2 ||     3
Dodge: Dodged            |    12 |     6 ||    18

Table legend: (Time is in decaauts)
 A = Elapsed time spent in this place.
 B = Non-inter-level travel time spent in this place.
 C = Inter-level travel time spent in this place.
 D = Time resting spent in this place.
 E = Time spent auto-exploring this place.
 F = Levels seen in this place.
 G = Mean time per level.
                   A        B        C        D        E       F      G
               +--------+--------+--------+--------+--------+-----+--------+
         Total |   3467 |   3413 |     54 |    202 |   2852 |   5 |  693.4 |
       Dungeon |   3467 |   3413 |     54 |    202 |   2852 |   5 |  693.4 |
               +--------+--------+--------+--------+--------+-----+--------+

Top non-repeatable levels by time:
     D:1: 1911 daAuts
     D:3: 922 daAuts
     D:2: 240 daAuts
     D:4: 232 daAuts
     D:5: 160 daAuts
